 Dungeon Crawl Stone Soup version 0.30.1 (webtiles) character file.

Game seed: 10427316891012977906

438 LynnLen the Cleaver (level 7, -5/63 HPs)
             Began as a Hill Orc Monk on July 3, 2023.
             Was a Believer of Beogh.
             Slain by an ogre
             ... wielding a +0 giant club
              (26 damage)
             ... on level 4 of the Dungeon.
             The game lasted 00:11:06 (3688 turns).

LynnLen the Cleaver (Hill Orc Monk)                 Turns: 3688, Time: 00:11:07

Health: -5/63      AC:  6    Str: 22    XL:     7   Next: 1%
Magic:  7/7        EV: 12    Int: 10    God:    Beogh [**....]
Gold:   171        SH:  0    Dex: 13    Spells: 6/6 levels left

rFire   . . .        a - +0 hand axe
rCold   . . .        d - orb {light}
rNeg    . . .        b - +0 robe
rPois   .            (no helmet)
rElec   .            (no cloak)
rCorr   .            (no gloves)
SInv    .            (no boots)
Will    .....        (no amulet)
Stlth   +            m - +6 ring of strength
HPRegen 0.30/turn    k - +4 ring of protection
MPRegen 0.10/turn

%: random rage (3%)
@: glowing
A: berserk 1, passive freeze
a: Renounce Religion, Smiting


You were on level 4 of the Dungeon.
You worshipped Beogh.
Beogh was pleased with you.
You visited 1 branch of the dungeon, and saw 4 of its levels.

You collected 171 gold pieces.

Inventory:

Hand Weapons
 a - a +0 hand axe (weapon)
Missiles
 c - 2 throwing nets (quivered)
Armour
 b - a +0 robe (worn)
 d - an orb of light (worn)
Jewellery
 h - a +6 ring of intelligence
 j - a ring of positive energy
 k - a +4 ring of protection (right hand)
 m - a +6 ring of strength (left hand)
 r - a +6 ring of strength
Wands
 f - a wand of roots (1)
Scrolls
 e - 2 scrolls of fear
 i - 8 scrolls of teleportation
 l - 2 scrolls of vulnerability {unknown}
 o - a scroll of enchant weapon {unknown}
 q - a scroll of butterflies {unknown}
Potions
 g - a potion of attraction {unknown}
 n - a potion of lignification {unknown}
 p - a potion of flight {unknown}


   Skills:
 + Level 6.0 Fighting
 + Level 8.5 Axes
 - Level 2.4 Dodging


You had 6 spell levels left.
You didn't know any spells.
Your spell library contained the following spells:

 Spells                   Type           Power      Damage    Failure   Level
 Dazzling Flash           Conj/Hex       0%         N/A       75%         3
 Volatile Blastmotes      Fire/Tloc      0%         2d10      75%         3
 Iskenderun's Mystic Bla  Conj/Tloc      0%         2d3       98%         4
 Starburst                Conj/Fire      0%         6d3       100%        6


Dungeon Overview and Level Annotations

Branches:
Dungeon (4/15)
 Temple: D:4-7

Altars:
Trog

Shops:
D:2 (


Innate Abilities, Weirdness & Mutations

You sometimes lose your temper in combat.
A frigid envelope surrounds you and freezes all who hurt you.


Message History

e - 2 scrolls of fear (gained 1)
You open the door.
There is an open door here.
Found an escape hatch in the ceiling.
A goblin comes into view. It is wielding a +0 club.
The goblin shouts!
You hear a shout!
A goblin is nearby!
An iguana comes into view.
The iguana hisses angrily.
Found 8 gold pieces and a ring mail.
The goblin closely misses you.
An ogre comes into view. It is wielding a +0 giant club.
The goblin closely misses you.
You slash the goblin!
You kill the goblin!
Beogh accepts your kill.
You see here a +0 club.
You hit the iguana.
The iguana is lightly wounded.
The iguana bites you!
The iguana is very cold.
The iguana is lightly wounded.
You slash the iguana!
The iguana is severely wounded.
The iguana bites you.
The iguana is very cold.
You kill the iguana!
Beogh accepts your kill.
You have reached level 7!
Unknown command.
The ogre closely misses you. The ogre attacks as you move away!
The ogre hits you with a +0 giant club!
The ogre is very cold.
The ogre is moderately wounded.
The ogre attacks as you move away! The ogre closely misses you.
There is an open door here.
The ogre attacks as you move away!
The ogre hits you with a +0 giant club!!
The ogre is very cold.
The ogre is heavily wounded.
The ogre attacks as you move away!
The ogre hits you with a +0 giant club!!
You die...

.........#................#.#
.........#####............#.#
.........# ###.......####.#
.........# ...#####'..# #.#
.........# #.....#..# #.#
.........# #.###.#..# #.#
.........# ##.#...#..####.####
.........# #....###..........#
.........#######@...#..##......#
.....>.......#.O.#.######......#
.........#####.###.#...##......#
.........#####.....#._.##......#
............#'#####....##......#
..............# #######......#
#...#.......### #......#
#...#.......# #...#.......#


You could see an ogre.

Vanquished Creatures
  Edmund (D:4)
  Ijyb (D:3)
  2 iguanas
  2 orc wizards (D:3)
  Robin (D:3)
  3 gnolls
  2 adders (D:3)
  A worm (D:4)
  2 dart slugs
  13 orcs (D:3)
  6 bats
  11 endoplasms
  3 giant cockroaches
  19 goblins
  9 hobgoblins
  7 jackals
  4 quokkas
  8 ball pythons
  4 frilled lizards
  7 kobolds
  4 rats
110 creatures vanquished.

Vanquished Creatures (others)
  A sleepcap (D:3)
  An orc (D:3)
  A bat (D:3)
  A jackal (D:3)
4 creatures vanquished.

Grand Total: 114 creatures vanquished

Notes
Turn   | Place    | Note
-------+----------+-------------------------------------------
     0 | D:1      | LynnLen the Hill Orc Monk began the quest for the Orb.
     0 | D:1      | Reached XP level 1. HP: 19/19 MP: 1/1
   147 | D:1      | Reached XP level 2. HP: 27/27 MP: 2/2
   382 | D:1      | Reached XP level 3. HP: 27/34 MP: 3/3
   427 | D:1      | Reached skill level 5 in Axes
   969 | D:2      | Reached XP level 4. HP: 36/41 MP: 4/4
  1076 | D:2      | Found a faded altar of an unknown god.
  1197 | D:2      | Found Quism's Weapon Emporium.
  1249 | D:2      | Identified the +9 hand axe of Defilement {freeze, *Corrode
                  | rPois rC+ Int+2}
  1478 | D:3      | Reached skill level 6 in Axes
  1558 | D:3      | Reached skill level 5 in Fighting
  1558 | D:3      | Reached XP level 5. HP: 44/48 MP: 5/5
  1614 | D:3      | Noticed Ijyb
  1626 | D:3      | Noticed Robin
  1634 | D:3      | Killed Robin
  1647 | D:3      | Killed Ijyb
  1795 | D:3      | Reached skill level 7 in Axes
  1842 | D:3      | Became a worshipper of Beogh the Brigand
  1842 | D:3      | Reached * piety under Beogh
  1842 | D:3      | Reached ** piety under Beogh
  2231 | D:3      | Reached XP level 6. HP: 56/56 MP: 6/6
  3146 | D:4      | Noticed Edmund
  3192 | D:4      | Gained mutation: You are clumsy. (Dex -2) [potion of
                  | mutation]
  3192 | D:4      | Gained mutation: A frigid envelope surrounds you and
                  | freezes all who hurt you. [potion of mutation]
  3192 | D:4      | Gained mutation: You expend magic power (3 MP) to
                  | strengthen your wands. [potion of mutation]
  3192 | D:4      | Gained mutation: You passively dampen the noise of your
                  | surroundings. [potion of mutation]
  3192 | D:4      | Killed Edmund
  3193 | D:4      | Reached skill level 8 in Axes
  3197 | D:4      | Lost mutation: You expend magic power (3 MP) to strengthen
                  | your wands. [potion of mutation]
  3197 | D:4      | Lost mutation: You are clumsy. (Dex -2) [potion of
                  | mutation]
  3197 | D:4      | Lost mutation: You passively dampen the noise of your
                  | surroundings. [potion of mutation]
  3197 | D:4      | Gained mutation: You sometimes lose your temper in combat.
                  | [potion of mutation]
  3616 | D:4      | Found a bloodstained altar of Trog.
  3660 | D:4      | Reached XP level 7. HP: 51/63 MP: 7/7
  3688 | D:4      | Slain by an ogre

Illustrated notes

Levels and vault maps discovered:
D:1:      eino_arrival_tree_alley, layout_rooms, minmay_3d_cube
D:2:      layout_rooms, dreamdust_ecumenical_altar_angels_and_demons,
          serial_shops, shop
D:3:      cheibrodos_pilgrimage, layout_basic, serial_bayou,
          serial_bayou_pond_b, serial_bayou_pond_d, serial_bayou_pond_b,
          serial_bayou_pond_a, serial_park_tiny_pond, uniq_robin, uniq_ijyb
D:4:      layout_basic, mainiacjoe_overflow_swirl, uniq_edmund

Skill      XL: |  1  2  3  4  5  6 |
---------------+-------------------+-----
Fighting       | 4 5 6 |  6.0
Axes           | 5 6 7 8 |  8.5
Dodging        | |  2.4

Action                     |  1- 3 |  4- 6 |  7- 9 || total
---------------------------+-------+-------+-------++-------
  Melee: Hand axe          |   113 |   192 |       ||   305
 Invoke: Convert to Beogh  |       |     1 |       ||     1
         Smiting           |       |     2 |       ||     2
    Use: Scroll            |     1 |     2 |       ||     3
         Potion            |       |     8 |       ||     8
 Armour: Robe              |    26 |    18 |       ||    44
  Dodge: Dodged            |   100 |   109 |     2 ||   211
